 Dungeon Crawl Stone Soup version 0.31-a0-818-ge7c7cf74f0 (webtiles) character file.

Game seed: 2516905829879227419

28 Essalna the Conjurer (level 3, 0/24 HPs)
             Began as a Demonspawn Conjurer on Sept 23, 2023.
             Slain by a rat (3 damage)
             ... on level 2 of the Dungeon.
             The game lasted 00:01:33 (1390 turns).

Essalna the Conjurer (Demonspawn Conjurer)          Turns: 1390, Time: 00:01:33

Health: 0/24       AC:  2    Str:  7    XL:     3   Next: 0%
Magic:  7/7        EV: 12    Int: 23    God:
Gold:   14         SH:  0    Dex: 11    Spells: 6/7 levels left

rFire   . . .        c - +0 whip
rCold   . . .        (no shield)
rNeg    . . .        a - +0 robe
rPois   .            (no helmet)
rElec   .            (no cloak)
rCorr   .            (no gloves)
SInv    .            (no boots)
Will    .....        (no amulet)
Stlth   ++           (no ring)
HPRegen 0.24/turn    (no ring)
MPRegen 0.10/turn

%: no passive effects
@: no status effects
A: big brain 1, demonic touch 1
a: no special abilities


You were on level 2 of the Dungeon.
You visited 1 branch of the dungeon, and saw 2 of its levels.

You collected 14 gold pieces.

Inventory:

Hand Weapons
 c - a +0 whip (weapon)
Armour
 a - a +0 robe (worn)
Jewellery
 g - a ring of poison resistance
Scrolls
 e - a scroll of silence {unknown}
 h - a scroll of amnesia {unknown}
 i - a scroll of enchant armour {unknown}
Potions
 b - a potion of magic
 d - a potion of degeneration {unknown}
 f - a potion of heal wounds {unknown}


   Skills:
 - Level 1.7 Dodging
 - Level 1.7 Stealth
 + Level 2.7 Spellcasting
 + Level 4.5 Conjurations


You had 6 spell levels left.
You knew the following spells:

 Your Spells              Type           Power      Damage    Failure   Level
a - Magic Dart            Conj           92%        1d7       1%          1

Your spell library contained the following spells:

 Spells                   Type           Power      Damage    Failure   Level
 Searing Ray              Conj           46%        2d6       2%          2
 Dazzling Flash           Conj/Hex       26%        N/A       14%         3
 Fulminant Prism          Conj/Hex       6%         3d6       43%         4
 Iskenderun's Mystic Bla  Conj/Tloc      13%        2d5       43%         4


Dungeon Overview and Level Annotations

Branches:
Dungeon (2/15)

Altars:

Annotations:
D:1 2 transporters


Innate Abilities, Weirdness & Mutations

You have an unusually large brain. (Int +2)
Your touch may inflict minor irresistible damage on your foes.


Message History

The giant cockroach waves its antennae.
The giant cockroach bites you.
* * * LOW HITPOINT WARNING * * *
The rat bites you.
* * * LOW HITPOINT WARNING * * *
The giant cockroach misses you. The rat bites you but does no damage.
The giant cockroach barely misses you. The rat bites you.
* * * LOW HITPOINT WARNING * * *
The giant cockroach bites you.
* * * LOW HITPOINT WARNING * * *
The giant cockroach closely misses you. The rat barely misses you.
The giant cockroach bites you.
* * * LOW HITPOINT WARNING * * *
The rat closely misses you. The giant cockroach closely misses you.
The rat misses you.
The giant cockroach bites you but does no damage.
The rat barely misses you. The giant cockroach closely misses you.
The giant cockroach bites you but does no damage.
The rat barely misses you. The giant cockroach bites you.
* * * LOW HITPOINT WARNING * * *
The rat bites you but does no damage.
The giant cockroach completely misses you.
The rat misses you. The giant cockroach closely misses you.
The rat closely misses you. The giant cockroach bites you.
* * * LOW HITPOINT WARNING * * *
The rat barely misses you. The giant cockroach closely misses you.
The rat bites you.
* * * LOW HITPOINT WARNING * * *
The giant cockroach closely misses you. The giant cockroach barely misses you.
The rat bites you but does no damage. The giant cockroach barely misses you.
The rat twitches its whiskers.
The rat completely misses you.
The giant cockroach bites you but does no damage.
The rat barely misses you. The giant cockroach misses you. The rat bites you.
You die...

##########
.........#
.........#
...[...$.##
..........#
..........#
......)...#
......B@..#
......r...##.#
$........<...#
..........####
..#######.# #
#.# #.# #.#
..#


You could see a giant cockroach and a rat.

Vanquished Creatures
  A ball python (D:1)
  4 endoplasms
  A giant cockroach (D:1)
  5 goblins (D:1)
  3 jackals (D:2)
  2 quokkas (D:1)
  A bat (D:1)
  A frilled lizard (D:1)
  5 kobolds
  A rat (D:1)
24 creatures vanquished.

Notes
Turn   | Place    | Note
-------+----------+-------------------------------------------
     0 | D:1      | Essalna the Demonspawn Conjurer began the quest for the
                  | Orb.
     0 | D:1      | Reached XP level 1. HP: 13/13 MP: 3/3
    97 | D:1      | You fall into a shaft and drop 1 floor!
   175 | D:1      | Gained mutation: You have an unusually large brain. (Int
                  | +2) [demonic ancestry]
   175 | D:1      | Reached XP level 2. HP: 19/19 MP: 1/5
  1274 | D:2      | Gained mutation: Your touch may inflict minor irresistible
                  | damage on your foes. [demonic ancestry]
  1274 | D:2      | Reached XP level 3. HP: 19/24 MP: 0/7
  1390 | D:2      | Slain by a rat

Illustrated notes

Levels and vault maps discovered:
D:1:      spicycebolla_arrival_transporter_tutorial, layout_basic,
          kennysheep_boxes
D:2:      layout_basic

Action                     || total
---------------------------++-------
  Melee: Whip              ||    24
   Cast: Magic Dart        ||    37
 Armour: Robe              ||    56
  Dodge: Dodged            ||    83

Table legend: (Time is in decaauts)
 A = Elapsed time spent in this place.
 B = Non-inter-level travel time spent in this place.
 C = Inter-level travel time spent in this place.
 D = Time resting spent in this place.
 E = Time spent auto-exploring this place.
 F = Levels seen in this place.
 G = Mean time per level.
                   A        B        C        D        E       F      G
               +--------+--------+--------+--------+--------+-----+--------+
         Total |   1429 |   1393 |     36 |      0 |   1217 |   2 |  714.5 |
       Dungeon |   1429 |   1393 |     36 |      0 |   1217 |   2 |  714.5 |
               +--------+--------+--------+--------+--------+-----+--------+

Top non-repeatable levels by time:
     D:1: 1260 daAuts
     D:2: 168 daAuts
